 Dungeon Crawl Stone Soup version 0.29-a0-459-g97dee8cd24 (webtiles) character file.

Game seed: 5887661296251813326

2786 frimble the Magician (level 9, -19/71 HPs)
             Began as a Gnoll Warper on May 20, 2022.
             Demolished by a guardian serpent (shapeshifter) (22 damage)
             ... on level 8 of the Dungeon.
             The game lasted 00:20:01 (11521 turns).

frimble the Magician (Gnoll Warper)                Turns: 11521, Time: 00:20:01

Health: -19/71     AC:  7    Str: 11 (12) XL:     9   Next: 70%
Magic:  18/19      EV: 13    Int: 13 (16) God:
Gold:   452        SH:  0    Dex:  8 (11) Spells: 13/21 levels left

rFire   . . .      SeeInvis .   b - +3 shortbow (freeze)
rCold   x . .      Faith    .   (shield currently unavailable)
rNeg    . . .      Spirit   .   u - +3 robe "Eta Hof" {rPois rC- Regen+ Stlth+}
rPois   +          Reflect  .   (no helmet)
rElec   .          Harm     .   d - +1 cloak
rCorr   +          Rampage  .   (no gloves)
Will    .....                   (no boots)
Stlth   +++.......              (no amulet)
HPRegen 1.01/turn               p - ring of resist corrosion
MPRegen 0.16/turn               A - ring of poison resistance

@: mighty
A: fangs 1, strong nose, distributed training
a: no special abilities


You were on level 8 of the Dungeon.
You visited 1 branch of the dungeon, and saw 9 of its levels.

You collected 452 gold pieces.

Inventory:

Hand Weapons
 a - a +2 falchion of holy wrath
 b - a +3 shortbow of freezing (weapon)
Missiles
 c - a boomerang of dispersal
 g - 3 boomerangs
 s - 2 throwing nets
Armour
 d - a +1 cloak (worn)
 u - the +3 robe "Eta Hof" (worn) {rPois rC- Regen+ Stlth+}
   (You took it off a gnoll on level 6 of the Dungeon)

   rC:        It makes you vulnerable to cold.
   rPois:     It protects you from poison.
   Regen:     It increases your rate of health regeneration.
   Stlth:     It makes you more stealthy.
 y - a +0 leather armour of poison resistance
Jewellery
 p - a ring of resist corrosion (left hand)
 z - a ring of flight
 A - a ring of poison resistance (right hand)
Wands
 o - a wand of flame (6)
Scrolls
 k - a scroll of torment {unknown}
 n - a scroll of immolation
 r - a scroll of magic mapping
 t - a scroll of identify
 x - a scroll of amnesia
 B - a scroll of enchant armour
Potions
 f - a potion of brilliance
 h - 2 potions of attraction
 m - 2 potions of mutation


   Skills:
 + Level 6.5 Fighting
 + Level 4.5 Short Blades
 + Level 4.5 Long Blades
 + Level 4.5 Axes
 + Level 4.5 Maces & Flails
 + Level 4.5 Polearms
 + Level 4.5 Staves
 + Level 4.5 Slings
 + Level 4.5 Bows
 + Level 4.5 Crossbows
 + Level 5.2 Throwing
 + Level 5.2 Armour
 + Level 6.5 Dodging
 + Level 4.5 Stealth
 + Level 4.5 Shields
 + Level 6.5 Unarmed Combat
 + Level 6.8 Spellcasting
 + Level 3.7 Conjurations
 + Level 3.7 Hexes
 + Level 3.7 Summonings
 + Level 3.7 Necromancy
 + Level 6.7 Translocations
 + Level 3.7 Transmutations
 + Level 3.7 Fire Magic
 + Level 3.7 Ice Magic
 + Level 3.7 Air Magic
 + Level 3.7 Earth Magic
 + Level 3.7 Poison Magic
 + Level 5.0 Invocations
 + Level 4.5 Evocations


You had 13 spell levels left.
You knew the following spells:

 Your Spells              Type           Power      Damage    Failure   Level
a - Blink                 Tloc           42%        N/A       1%          2
b - Teleport Other        Tloc           21%        N/A       3%          3
c - Gell's Gravitas       Tloc           21%        N/A       3%          3

Your spell library contained the following spells:

 Spells                   Type           Power      Damage    Failure   Level
 Lesser Beckoning         Tloc           21%        N/A       3%          3
 Manifold Assault         Tloc           21%        N/A       28%         5


Dungeon Overview and Level Annotations

Branches:
Dungeon (9/15)             Temple (0/1) D:4
   Lair: D:8-11         Orc: D:9-12

Altars:
Ashenzari

Shops:
D:1 =(!(!

Annotations:
D:4 2 transporters, holysushi's ghost, amateur OpAr


Innate Abilities, Weirdness & Mutations

You have very sharp teeth.
Your uncanny sense of smell can sniff out nearby items.
Your experience applies equally to all skills.


Message History

Okay, then.
Okay, then.
The guardian serpent attacks as you move away!
The guardian serpent hits you!
The slime creature attacks as you move away!
The slime creature hits you! The guardian serpent hits you!
* * * LOW HITPOINT WARNING * * *
Casting: Blink (safe; 1% risk of failure)
Confirm with . or Enter, or press ? or * to list all spells.
You blink.
The slime creature closely misses you.
Okay, then.
Okay, then.
As you read the scroll labelled KOREZU LUYT, it crumbles to dust.
A profound silence engulfs you.
It was a scroll of silence.
The guardian serpent hits you!
* * * LOW HITPOINT WARNING * * *
The guardian serpent misses you. The slime creature hits you!
* * * LOW HITPOINT WARNING * * *
You feel better.
The guardian serpent hits you but does no damage.
The slime creature closely misses you.
It was a potion of cancellation.
Your magical effects are unravelling.
You feel magically purged.
Your hearing returns.
You feel stable enough to blink again. The guardian serpent barely misses you.
The guardian serpent closely misses you.
The slime creature completely misses you.
It was a potion of might.
You feel very mighty all of a sudden. The guardian serpent hits you!
* * * LOW HITPOINT WARNING * * *
The slime creature hits you but does no damage.
The guardian serpent barely misses you. The guardian serpent hits you!
* * * LOW HITPOINT WARNING * * *
It was a potion of degeneration.
There was something very wrong with that liquid.
You feel weakened.
You feel dopey.
You feel clumsy. The guardian serpent hits you!!
You die...

..# #...#
#.# ##..##
#.# #...##
#.###....##
.(.##....#
#..##...#
#C.##..#
#.SJ#..#
##.@#..#
#.....#
#..#..#
##..#..#
#..##..#
##)##..##
#.## .##
### #


You could see a slime creature, a cyclops and a guardian serpent.

Vanquished Creatures
  A two-headed ogre (D:7)
  A water moccasin (D:8)
  An orc warrior (D:7)
  A sky beast (D:6)
  3 centaurs
  2 kobold brigands
  Blork the orc (D:6)
  7 bullfrogs
  2 necrophages
  2 scorpions
  A wight (D:8)
  A howler monkey (D:6)
  2 hounds
  2 orc priests
  A gnoll shaman (D:7)
  4 jellies
  Natasha (thrice) (D:2)
  3 iguanas
  2 orc wizards (D:7)
  7 gnolls
  5 adders
  2 ufetubi
  5 dart slugs
  27 orcs
  6 endoplasms
  4 giant cockroaches
  3 goblins
  8 hobgoblins
  4 jackals
  5 quokkas
  8 ball pythons
  3 bats (D:2)
  2 frilled lizards (D:3)
  13 kobolds
  3 rats
145 creatures vanquished.

Notes
Turn   | Place    | Note
-------+----------+-------------------------------------------
     0 | D:1      | frimble the Gnoll Warper began the quest for the Orb.
     0 | D:1      | Reached XP level 1. HP: 20/20 MP: 6/6
    39 | D:1      | Found Eliar's Weapon Shop.
   207 | D:1      | Found Wotzer's Distillery.
   268 | D:1      | Found Uqieg's Jewellery Shoppe.
   277 | D:1      | Reached XP level 2. HP: 20/26 MP: 7/7
   356 | D:1      | Found Hioloy's Antique Weapon Emporium.
   790 | D:1      | Found Ruebur's Distillery.
   991 | D:1      | Reached XP level 3. HP: 31/31 MP: 9/9
  1070 | D:1      | Found a faded altar of an unknown god.
  1254 | D:1      | Learned a level 2 spell: Blink
  1335 | D:2      | Reached skill level 5 in Spellcasting
  1543 | D:1      | Reached skill level 1 in Invocations
  2187 | D:2      | Reached skill level 1 in Short Blades
  2187 | D:2      | Reached skill level 1 in Long Blades
  2187 | D:2      | Reached skill level 1 in Axes
  2187 | D:2      | Reached skill level 1 in Maces & Flails
  2187 | D:2      | Reached skill level 1 in Polearms
  2187 | D:2      | Reached skill level 1 in Staves
  2187 | D:2      | Reached skill level 1 in Slings
  2187 | D:2      | Reached skill level 1 in Bows
  2187 | D:2      | Reached skill level 1 in Crossbows
  2187 | D:2      | Reached skill level 1 in Stealth
  2187 | D:2      | Reached skill level 1 in Shields
  2187 | D:2      | Reached skill level 1 in Evocations
  2338 | D:3      | Learned a level 3 spell: Teleport Other
  2465 | D:3      | Reached XP level 4. HP: 38/38 MP: 11/11
  2753 | D:3      | Learned a level 3 spell: Gell's Gravitas
  3195 | D:2      | Reached skill level 1 in Conjurations
  3195 | D:2      | Reached skill level 1 in Hexes
  3195 | D:2      | Reached skill level 1 in Summonings
  3195 | D:2      | Reached skill level 1 in Necromancy
  3195 | D:2      | Reached skill level 1 in Transmutations
  3195 | D:2      | Reached skill level 1 in Fire Magic
  3195 | D:2      | Reached skill level 1 in Ice Magic
  3195 | D:2      | Reached skill level 1 in Air Magic
  3195 | D:2      | Reached skill level 1 in Earth Magic
  3195 | D:2      | Reached skill level 1 in Poison Magic
  3332 | D:2      | Noticed Natasha
  3342 | D:2      | Killed Natasha
  3343 | D:2      | Reached XP level 5. HP: 18/43 MP: 12/12
  3629 | D:2      | Noticed Natasha
  3640 | D:2      | Killed Natasha
  3774 | D:2      | Noticed Natasha
  3787 | D:2      | Killed Natasha
  4568 | D:4      | Found a transporter.
  4569 | D:4      | Noticed holysushi's ghost (amateur OpAr)
  4582 | D:4      | Found a transporter.
  4703 | D:4      | Found a staircase to the Ecumenical Temple.
  4708 | D:4      | Reached XP level 6. HP: 50/50 MP: 13/13
  5124 | D:5      | Entered Level 5 of the Dungeon
  5559 | D:5      | Reached skill level 5 in Fighting
  5559 | D:5      | Reached skill level 5 in Dodging
  5559 | D:5      | Reached skill level 5 in Unarmed Combat
  6035 | D:5      | Noticed an orc warrior
  6705 | D:6      | Reached XP level 7. HP: 41/56 MP: 15/15
  7396 | D:6      | Identified the +3 robe "Eta Hof" {rPois rC- Regen+ Stlth+}
  7654 | D:6      | Noticed Blork the orc
  7723 | D:6      | Reached XP level 8. HP: 44/63 MP: 1/16
  7727 | D:6      | Killed Blork the orc
  9184 | D:7      | Found a broken altar of Ashenzari.
  9896 | D:7      | HP: 1/64 [orc warrior/+0 hand axe (14)]
  9909 | D:8      | Noticed a hornet
 11058 | D:8      | Noticed a two-headed ogre
 11142 | D:7      | Killed a two-headed ogre
 11143 | D:7      | Reached skill level 5 in Throwing
 11143 | D:7      | Reached skill level 5 in Armour
 11143 | D:7      | Reached XP level 9. HP: 47/69 MP: 11/18
 11504 | D:8      | Noticed a guardian serpent
 11510 | D:8      | Noticed a cyclops
 11511 | D:8      | Reached skill level 5 in Invocations
 11511 | D:8      | Noticed a red ugly thing
 11520 | D:8      | HP: 2/71 [guardian serpent (shapeshifter) (8)]
 11521 | D:8      | Demolished by a guardian serpent (shapeshifter)

Illustrated notes

Levels and vault maps discovered:
D:1:      elethiomel_arrival_quiet, layout_basic, serial_shops,
          nicolae_shop_waterfront, shop, nicolae_shop_behind_doors,
          nicolae_square_shop, nicolae_shop_crystal,
          shapermc_ecumenical_altar_mp_vishouse, bh_walls_and_bars
D:2:      layout_basic, uniq_natasha
D:3:      layout_rooms, minivault_4
D:4:      layout_gridville, minmay_temple_entry_antechambers,
          gammafunk_ghost_stat_death
D:5:      layout_layer_cave, nrook_uturn
D:6:      layout_rooms, uniq_blork_the_orc
D:7:      layout_loops_corners, mainiacjoe_overflow_boulevard
D:8:      minmay_the_grid_octo_tiled_octocenter [minmay_the_grid_octo_odd_swirl,
          minmay_the_grid_octo_empty, minmay_the_grid_octo_focus,
          minmay_the_grid_octo_pinwheel,
          minmay_the_grid_octo_prize_ultimate_mussel_roller,
          minmay_the_grid_square_5x5_minimal,
          minmay_the_grid_square_5x5_bracketed,
          minmay_the_grid_square_5x5_three_small,
          minmay_the_grid_square_5x5_comb], layout_rooms, uniq_psyche
D:9:      layout_basic

Skill      XL: |  1  2  3  4  5  6  7  8  9 |
---------------+----------------------------+-----
Spellcasting   | 5 6 |  6.8
Invocations    | 1 2 3 4 5 |  5.0
Short Blades   | 1 2 4 |  4.5
Long Blades    | 1 2 4 |  4.5
Axes           | 1 2 4 |  4.5
Maces & Flails | 1 2 4 |  4.5
Polearms       | 1 2 4 |  4.5
Staves         | 1 2 4 |  4.5
Slings         | 1 2 4 |  4.5
Bows           | 1 2 4 |  4.5
Crossbows      | 1 2 4 |  4.5
Stealth        | 1 2 4 |  4.5
Shields        | 1 2 4 |  4.5
Evocations     | 1 2 4 |  4.5
Conjurations   | 1 2 3 |  3.7
Hexes          | 1 2 3 |  3.7
Summonings     | 1 2 3 |  3.7
Necromancy     | 1 2 3 |  3.7
Transmutations | 1 2 3 |  3.7
Fire Magic     | 1 2 3 |  3.7
Ice Magic      | 1 2 3 |  3.7
Air Magic      | 1 2 3 |  3.7
Earth Magic    | 1 2 3 |  3.7
Poison Magic   | 1 2 3 |  3.7
Throwing       | 3 5 |  5.2
Armour         | 3 5 |  5.2
Fighting       | 5 6 |  6.5
Dodging        | 5 6 |  6.5
Unarmed Combat | 5 6 |  6.5
Translocations | 6 |  6.7

Action                   |  1- 3 |  4- 6 |  7- 9 || total
-------------------------+-------+-------+-------++-------
Melee: Unarmed           |   152 |    31 |       ||   183
       Bite              |    12 |    26 |     5 ||    43
       Punch             |     3 |     5 |     2 ||    10
       Falchion          |       |   180 |    56 ||   236
 Fire: Shortbow          |       |       |   233 ||   233
Throw: Boomerang         |     4 |    11 |       ||    15
 Cast: Blink             |     2 |     4 |    28 ||    34
       Gell's Gravitas   |       |     6 |     6 ||    12
       Teleport Other    |       |       |     4 ||     4
Evoke: Wand              |       |     8 |     2 ||    10
  Use: Scroll            |     9 |     3 |     8 ||    20
       Potion            |       |     1 |    11 ||    12
 Stab: Sleeping          |       |     1 |       ||     1
Armor: Leather armour    |    32 |    65 |    66 ||   163
       Robe              |       |       |    17 ||    17
Dodge: Dodged            |    86 |   154 |   192 ||   432

Table legend: (Time is in decaauts)
 A = Elapsed time spent in this place.
 B = Non-inter-level travel time spent in this place.
 C = Inter-level travel time spent in this place.
 D = Time resting spent in this place.
 E = Time spent auto-exploring this place.
 F = Levels seen in this place.
 G = Mean time per level.
                   A        B        C        D        E       F      G
               +--------+--------+--------+--------+--------+-----+--------+
         Total |  11648 |  11218 |    430 |   2381 |   6852 |   9 | 1294.2 |
       Dungeon |  11648 |  11218 |    430 |   2381 |   6852 |   9 | 1294.2 |
               +--------+--------+--------+--------+--------+-----+--------+

Top non-repeatable levels by time:
     D:5: 2183 daAuts
     D:7: 2065 daAuts
     D:1: 1645 daAuts
     D:2: 1407 daAuts
     D:4: 1381 daAuts
     D:6: 1299 daAuts
     D:3: 1181 daAuts
     D:8: 243 daAuts
     D:9: 240 daAuts
